 Dungeon Crawl Stone Soup version 0.28-a0-535-g6f645e4c1d (webtiles) character file.

Game seed: 1892103918656671738

501 jasper the Vexing (level 6, -2/41 HPs)
             Began as a Demonspawn Enchanter on Sept 26, 2021.
             Slain by a steam dragon (8 damage)
             ... on level 5 of the Dungeon.
             The game lasted 00:07:33 (4431 turns).

jasper the Vexing (Demonspawn Enchanter)            Turns: 4431, Time: 00:07:34

Health: -2/41      AC:  6    Str:  8    XL:     6   Next: 95%
Magic:  4/11       EV: 12    Int: 19    God:
Gold:   24         SH:  0    Dex: 13    Spells: 2/11 levels left

rFire   . . .      SeeInvis .   a - +1 dagger
rCold   . . .      Faith    .   (no shield)
rNeg    . . .      Spirit   .   b - +0 robe
rPois   .          Reflect  .   (no helmet)
rElec   .          Harm     .   c - +0 cloak
rCorr   .          Rampage  .   (no gloves)
Will    +....      Rage     1%  (no boots)
Stlth   +++.......              (no amulet)
HPRegen 0.13/turn               d - ring of willpower
MPRegen 0.12/turn               (no ring)

@: confusing by touch, on berserk cooldown, slowed, very slow
A: hooves 2, thin metallic scales 1, powered by death 1, berserk 1, shaggy fur 1
a: no special abilities


You were on level 5 of the Dungeon.
You visited 2 branches of the dungeon, and saw 6 of its levels.

You collected 156 gold pieces.
You spent 132 gold pieces at shops.

Inventory:

Hand Weapons
 a - a +1 dagger (weapon)
Missiles
 e - 102 stones
Armour
 b - a +0 robe (worn)
 c - a +0 cloak (worn)
 j - a +0 buckler
Jewellery
 d - a ring of willpower (left hand)
Wands
 h - a wand of digging (6)
Scrolls
 i - a scroll of teleportation {unknown}
Potions
 f - a potion of degeneration {unknown}
 g - 2 potions of curing
 l - 2 potions of ambrosia {unknown}


   Skills:
 - Level 3.0 Short Blades
 - Level 1.7 Dodging
 + Level 4.5 Stealth
 + Level 3.4 Spellcasting
 + Level 4.6 Hexes
 - Level 2.0 Ice Magic


You had 2 spell levels left.
You knew the following spells:

 Your Spells              Type           Power      Damage    Failure   Level
a - Ensorcelled Hibernat  Hex/Ice        30%        N/A       6%          2
b - Confusing Touch       Hex            20%        N/A       7%          3
c - Tukima's Dance        Hex            20%        N/A       7%          3
d - Animate Skeleton      Necr           6%         N/A       14%         1

Your spell library contained the following spells:

 Spells                   Type           Power      Damage    Failure   Level
 Pain                     Necr           12%        1d4       14%         1
 Sublimation of Blood     Necr           1%         N/A       22%         2
 Dazzling Flash           Conj/Hex       22%        N/A       17%         3
 Vampiric Draining        Necr           1%         2d6       41%         3
 Petrify                  Tmut/Erth      3%         N/A       82%         4
 Irradiate                Conj/Tmut      1%         3d14      99%         5


Dungeon Overview and Level Annotations

Branches:
Dungeon (5/15)             Temple (1/1) D:4

Altars:
Ashenzari
Cheibriados
Dithmenos
Elyvilon
Fedhas
Gozag
Makhleb
Nemelex Xobeh
Okawaru
Ru
Sif Muna
Trog
Uskayaw
Wu Jian
Xom
Yredelemnul
Zin
The Shining One

Shops:
D:4 !


Innate Abilities, Weirdness & Mutations

You have hoof-like feet.
You are partially covered in thin metallic scales. (AC +2)
You regenerate a little health from kills.
You tend to lose your temper in combat.
You are covered in fur. (AC +1)


Message History

You feel much better.
You are engulfed in a cloud of scalding steam.
The steam dragon breathes steam at you. The ball of steam hits you.
The steam dragon closely misses you. The steam dragon misses you.
Your magical contamination has completely faded away.
You regained 16 hp, and now have 24/41 hp.
You are now empty-handed.
You are engulfed in a cloud of scalding steam.
You take 1 damage, and have 23/41 hp.
Really attack while wielding nothing? [Y]es or [N]o only, please.
Really attack while wielding nothing?
Okay, then.
Okay, then.
Casting: Ensorcelled Hibernation (safe; 6% risk of failure)
Confirm with . or Enter, or press ? or * to list all spells.
Your hands begin to glow red.
You are engulfed in a cloud of scalding steam.
The steam dragon bites you but does no damage.
The steam dragon claws you.
You take 5 damage, and have 18/41 hp.
You now have 4/11 mp.
Really attack while wielding nothing? [Y]es or [N]o only, please.
Really attack while wielding nothing?
Okay, then.
a - a +1 dagger (weapon)
The steam dragon bites you but does no damage.
The steam dragon claws you.
You take 1 damage, and have 17/41 hp.
You barely miss the steam dragon.
The steam dragon is almost dead.
The steam dragon breathes steam at you. The ball of steam hits you!
* * * LOW HITPOINT WARNING * * *
You take 9 damage, and have 8/41 hp.
MASSIVE DAMAGE!!
You are engulfed in a cloud of scalding steam.
* * * LOW HITPOINT WARNING * * *
The steam dragon bites you!
You die...

####.......
.........#
#######.##..#####.
...................
#######.###.#####.#
..........#..#
#######y#.#..#
#D#.#... #@# #)#.#
### #.#.# .#.#


You could see a steam dragon (catching breath) and a killer bee.

Vanquished Creatures
  A phantom (D:4)
  5 killer bees (D:5)
  Crazy Yiuf (D:2)
  An iguana (D:4)
  A bullfrog skeleton (D:5)
  An orc wizard (D:3)
  An adder (D:2)
  An ufetubus (D:4)
  3 worms
  3 dart slugs
  4 orcs
  A bat (D:3)
  11 endoplasms
  5 giant cockroaches
  7 hobgoblins
  4 jackals (D:3)
  4 quokkas
  5 ball pythons
  2 frilled lizards (D:1)
  9 goblins
  A kobold (D:4)
  3 rats (D:2)
74 creatures vanquished.

Vanquished Creatures (others)
  Menkaure (D:4)
1 creature vanquished.

Grand Total: 75 creatures vanquished

Notes
Turn   | Place    | Note
-------+----------+-------------------------------------------
     0 | D:1      | jasper the Demonspawn Enchanter began the quest for the
                  | Orb.
     0 | D:1      | Reached XP level 1. HP: 13/13 MP: 3/3
     0 | D:1      | Noticed a naga
     0 | D:1      | Noticed a barachi
     1 | D:1      | Noticed a human
     3 | D:1      | Noticed an octopode
     3 | D:1      | Noticed an ogre
     6 | D:1      | Noticed a minotaur
     7 | D:1      | Noticed a spriggan
    10 | D:1      | Noticed a gargoyle
    10 | D:1      | Noticed a naga
    12 | D:1      | Noticed a draconian
    12 | D:1      | Noticed a draconian
    14 | D:1      | Noticed a gargoyle
    14 | D:1      | Noticed a ghoul
    16 | D:1      | Noticed a felid
    18 | D:1      | Noticed a troll
    18 | D:1      | Noticed a merfolk
   244 | D:1      | Reached skill level 1 in Short Blades
   470 | D:1      | Gained mutation: You are partially covered in thin metallic
                  | scales. (AC +2) [demonic ancestry]
   470 | D:1      | Reached XP level 2. HP: 12/19 MP: 5/5
   485 | D:1      | Learned a level 2 spell: Ensorcelled Hibernation
  1310 | D:2      | Gained mutation: You have large cloven feet. [demonic
                  | ancestry]
  1310 | D:2      | Reached XP level 3. HP: 23/24 MP: 3/6
  1799 | D:2      | Found a runed translucent door.
  1800 | D:2      | Noticed Crazy Yiuf
  1806 | D:2      | Gained mutation: You tend to lose your temper in combat.
                  | [potion of mutation]
  1806 | D:2      | Gained mutation: You are covered in fur. (AC +1) [potion of
                  | mutation]
  1812 | D:2      | Killed Crazy Yiuf
  1813 | D:2      | Reached skill level 1 in Ice Magic
  1813 | D:2      | Gained mutation: You have hoof-like feet. [demonic
                  | ancestry]
  1813 | D:2      | Reached XP level 4. HP: 15/30 MP: 2/7
  2166 | D:2      | Found a faded altar of an unknown god.
  2376 | D:3      | Learned a level 3 spell: Confusing Touch
  3261 | D:4      | Noticed Menkaure
  3280 | D:4      | Killed Menkaure
  3379 | D:4      | Found a staircase to the Ecumenical Temple.
  3388 | Temple   | Entered the Ecumenical Temple
  3626 | D:4      | Gained mutation: You regenerate a little health from kills.
                  | [demonic ancestry]
  3626 | D:4      | Reached XP level 5. HP: 35/35 MP: 8/8
  3681 | D:4      | Found Jatargha's Distillery.
  3687 | D:4      | Bought a potion of curing for 36 gold pieces
  3687 | D:4      | Bought a potion of heal wounds for 60 gold pieces
  3788 | D:4      | Bought a potion of lignification for 36 gold pieces
  3865 | D:4      | Learned a level 3 spell: Tukima's Dance
  4069 | D:4      | Noticed a phantom
  4084 | D:4      | Killed a phantom
  4145 | D:4      | Learned a level 1 spell: Animate Skeleton
  4362 | D:5      | Entered Level 5 of the Dungeon
  4369 | D:5      | Reached XP level 6. HP: 41/41 MP: 10/10
  4375 | D:5      | Noticed a steam dragon
  4431 | D:5      | Slain by a steam dragon

Illustrated notes

Levels and vault maps discovered:
D:1:      shiori_arrival_whats_in_store_for_you, layout_rooms, minmay_liquid_box
D:2:      layout_loops_ring, basic_altar, ebering_ecumenical_altar_webs,
          chequers_hall_statues_wall_a, uniq_crazy_yiuf_cottage
D:3:      layout_basic, kennysheep_doodads, chequers_avenue, minivault_14
D:4:      layout_loops_ring, lemuel_temple_firewalk_b, serial_shops, shop,
          uniq_menkaure
D:5:      layout_basic, uniq_blork_the_orc, uniq_ijyb
Temple:   regret_index_temple_mists

Skill      XL: |  1  2  3  4  5  6 |
---------------+-------------------+-----
Short Blades   | 1 2 3 |  3.0
Stealth        | 3 4 |  4.5
Ice Magic      | 1 2 |  2.0
Hexes          | 4 |  4.6
Spellcasting   | 3 |  3.4
Dodging        | |  1.7

Action                   |  1- 3 |  4- 6 || total
-------------------------+-------+-------++-------
Melee: Dagger            |   109 |   137 ||   246
       Kick              |     3 |    27 ||    30
       Unarmed           |       |    32 ||    32
 Cast: Ensorcelled Hiber |    11 |    20 ||    31
       Confusing Touch   |       |     3 ||     3
  Use: Potion            |     3 |     3 ||     6
       Scroll            |       |     6 ||     6
 Stab: Sleeping          |    12 |    21 ||    33
       Invisible         |     1 |       ||     1
       Confused          |       |     2 ||     2
Armor: Robe              |    16 |    33 ||    49
       Skin              |       |    40 ||    40
Dodge: Dodged            |    52 |    92 ||   144

Table legend: (Time is in decaauts)
 A = Elapsed time spent in this place.
 B = Non-inter-level travel time spent in this place.
 C = Inter-level travel time spent in this place.
 D = Time resting spent in this place.
 E = Time spent auto-exploring this place.
 F = Levels seen in this place.
 G = Mean time per level.
                   A        B        C        D        E       F      G
               +--------+--------+--------+--------+--------+-----+--------+
         Total |   4458 |   4346 |    112 |    325 |   3213 |   6 |  743.0 |
       Dungeon |   4227 |   4137 |     90 |    325 |   3027 |   5 |  845.4 |
        Temple |    230 |    208 |     22 |      0 |    186 |   1 |  230.0 |
               +--------+--------+--------+--------+--------+-----+--------+

Top non-repeatable levels by time:
     D:1: 1299 daAuts
     D:2: 1064 daAuts
     D:4: 951 daAuts
     D:3: 848 daAuts
  Temple: 230 daAuts
     D:5: 64 daAuts
